 Dungeon Crawl Stone Soup version 0.25-a0-843-g6944ee31a2 (webtiles) character file.

Game seed: 11918693416319986699, levelgen mode: deterministic

32 Esekla the Ducker (level 3, 0/14 HPs)
             Began as a Felid Skald on Apr 25, 2020.
             Was a Follower of Hepliaklqana.
             Slain by a hound (4 damage)
             ... on level 4 of the Dungeon.
             The game lasted 00:04:51 (882 turns).

Esekla the Ducker (Felid Skald)                      Turns: 882, Time: 00:04:52

Health: 0/14       AC:  1    Str:  7    XL:     3   Next: 8%
Magic:  7/7        EV: 19    Int: 15    God:    Hepliaklqana [*.....]
Gold:   12         SH:  0    Dex: 15    Spells: 6/7 levels left
                                        Lives:  0   Deaths: 0

rFire    . . .     SeeInvis +     - Unarmed
rCold    . . .     Gourm    .   (shield unavailable)
rNeg     . . .     Faith    .   (armour unavailable)
rPois    .         Spirit   .   (helmet unavailable)
rElec    .         Reflect  .   (cloak unavailable)
rCorr    .         Harm     .   (gloves unavailable)
MR       .....                  (boots unavailable)
Stlth    ++........             (no amulet)
HPRegen  0.04/turn              (no ring)
MPRegen  0.10/turn              (no ring)

@: quick
A: very small, no armour, no weapons or thrown items, stealth, reduced essence,
claws 1, fangs 3, see invisible, carnivore, speed 1, shaggy fur 1, slow
metabolism 1, sharp paws
a: Recall Ancestor, Ancestor Identity, Renounce Religion


You were on level 4 of the Dungeon.
You worshipped Hepliaklqana.
Hepliaklqana was aware of your devotion.
You were not hungry.

You visited 1 branch of the dungeon, and saw 4 of its levels.

You collected 12 gold pieces.

Inventory:

Hand Weapons
 a - a cursed -1 long sword
 g - a +1 broad axe of electrocution
Scrolls
 c - a scroll of immolation {unknown}
 d - a scroll of identify {unknown}
 e - a scroll of blinking {unknown}
 f - a scroll of amnesia {unknown}
Comestibles
 b - 6 rations


   Skills:
 - Level 2.0 Fighting
 * Level 3.7 Dodging
 + Level 0.3 Stealth
 + Level 2.5 Unarmed Combat
 * Level 2.6 Spellcasting
 - Level 3.6 Charms


You had 6 spell levels left.
You knew the following spells:

 Your Spells              Type           Power        Failure   Level  Hunger
a - Infusion              Chrm           ##..         4%          1    #......

Your spell library contained the following spells:

 Spells                   Type           Power        Failure   Level  Hunger
 Song of Slaying          Chrm           ##......     7%          2    ###....
 Shroud of Golubria       Chrm/Tloc      #.....       16%         2    ###....
 Ozocubu's Armour         Chrm/Ice       #.......     30%         3    ###....
 Spectral Weapon          Hex/Chrm       Unusable     N/A         3    N/A

Dungeon Overview and Level Annotations

Branches:
Dungeon (4/15)
 Temple: D:4-7

Altars:
Fedhas
Hepliaklqana
Ru


Innate Abilities, Weirdness & Mutations

You cannot wear armour.
You are incapable of wielding weapons or throwing items.
Your paws allow you to move quietly. (Stealth)
You have sharp claws.
You have razor-sharp teeth.
You have supernaturally acute eyesight. (SInv)
You are carnivorous and can eat meat at any time.
You cover ground quickly.
You are covered in fur. (AC +1)
You have a slow metabolism.
Your sharp claws are effective at attacking unaware monsters.
Your life essence is reduced to manifest your ancestor. (-10% HP)


Message History

A hound comes into view.
The hound barely misses you.
You barely miss the hound. The hound completely misses you.
You scratch the hound.
The hound is lightly wounded.
The hound bites you but does no damage. The hound completely misses you.
You scratch the hound. Your bite misses the hound.
The hound is moderately wounded.
The hound bites you.
You closely miss the hound.
The hound is moderately wounded.
The hound completely misses you. The hound bites you.
* * * LOW HITPOINT WARNING * * *
You barely miss the hound. Your bite misses the hound.
The hound is moderately wounded.
The hound bites you but does no damage.
You scratch the hound but do no damage.
The hound is moderately wounded.
The hound completely misses you. The hound bites you.
You die...

# #.#. ###.#. ##
..... .#
#.#.##.#
##....#.#
###....h#.######
........@.......
##...#.#.######
##.##.#.#
#......#
####.### #.# #.#
.######### #.#
.........# #.#


You could see a hound.

Vanquished Creatures
  An adder (D:2)
  A worm (D:2)
  A dart slug (D:1)
  2 leopard geckos
  A giant cockroach (D:1)
  2 hobgoblins
  2 kobolds (D:2)
  4 frilled lizards
  3 goblins (D:1)
17 creatures vanquished.

Notes
Turn   | Place    | Note
-------+----------+-------------------------------------------
     0 | D:1      | Esekla the Felid Skald began the quest for the Orb.
     0 | D:1      | Reached XP level 1. HP: 9/9 MP: 4/4
   263 | D:2      | Found a sacrificial altar of Ru.
   283 | D:2      | Reached XP level 2. HP: 3/13 MP: 0/6
   553 | D:2      | Found a faded altar of an unknown god.
   570 | D:2      | Became a worshipper of Hepliaklqana the Forgotten
   570 | D:2      | Reached * piety under Hepliaklqana
   580 | D:2      | Found a blossoming altar of Fedhas.
   689 | D:1      | Reached XP level 3. HP: 11/14 MP: 7/7
   882 | D:4      | Slain by a hound

Levels and vault maps discovered:
D:1:      lightli_arrival_windingriver, layout_loops_ring, serial_forest,
          infiniplex_forest_straight_4, infiniplex_forest_end_2,
          infiniplex_forest_straight_3, infiniplex_forest_lined_3,
          infiniplex_forest_end_double, infiniplex_forest_straight_4,
          infiniplex_forest_zigzag_2, infiniplex_forest_lined_ring,
          skrybe_limestone_x
D:2:      layout_rooms, fedhas_altar_3, chequers_ecumenical_altar_simple,
          nicolae_ru_sacrificial_ziggurat
D:3:      cheibrodos_thug_alley, layout_basic
D:4:      layout_loops_corners, overflow_temple_1_default, first_ration,
          grunt_decor_clamped, nrook_mini_backslash

Action                   || total
-------------------------++-------
Melee: Unarmed           ||    48
       Bite              ||     2
 Cast: Infusion          ||     5
 Stab: Sleeping          ||     2
  Eat: Chunk             ||     2
Armor: Skin              ||     3
Dodge: Dodged            ||    29

Table legend:
 A = Non-vault XP
 B = Vault XP
 C = Vault XP percentage of total XP
 D = Non-vault monster count
 E = Vault monster count
 F = Vault count percentage of total count
                 A         B        C        D         E       F
            +---------+---------+-------+---------+---------+-------
      Total |      46 |       0 |   0.0 |      17 |       0 |   0.0
            +---------+---------+-------+---------+---------+-------
        D:1 |      19 |       0 |   0.0 |      10 |       0 |   0.0
        D:2 |      24 |       0 |   0.0 |       6 |       0 |   0.0
        D:3 |       3 |       0 |   0.0 |       1 |       0 |   0.0
            +---------+---------+-------+---------+---------+-------
